 Dungeon Crawl Stone Soup version 0.25.1-2-g60ff931df9 (webtiles) character file.

Game seed: 9120040161438295240

345 Acheron the Charlatan (level 6, -3/36 HPs)
             Began as a Kobold Artificer on Sept 4, 2020.
             Slain by a gnoll
             ... wielding a +0 flail
              (11 damage)
             ... on level 6 of the Dungeon.
             The game lasted 00:30:21 (4969 turns).

Acheron the Charlatan (Kobold Artificer)            Turns: 4969, Time: 00:30:22

Health: -3/36      AC:  7    Str: 17    XL:     6   Next: 90%
Magic:  9/9        EV: 15    Int: 12    God:
Gold:   197        SH:  0    Dex: 16    Spells: 7/7 levels left

rFire    . . .     SeeInvis .   k - +7 scimitar
rCold    . . .     Gourm    .   (shield restricted)
rNeg     . . .     Faith    .   q - +0 ring mail
rPois    .         Spirit   .   j - +1 helmet
rElec    .         Reflect  .   (no cloak)
rCorr    .         Harm     .   (no gloves)
MR       .....     Rnd*Tele +   (no boots)
Stlth    ++........             (no amulet)
HPRegen  0.12/turn              p - +6 ring of strength
MPRegen  0.11/turn              u - ring of teleportation (curse)

@: about to teleport, lightly drained
A: small, carnivore
a: no special abilities


You were on level 6 of the Dungeon.
You were very full.

You visited 1 branch of the dungeon, and saw 7 of its levels.

You collected 197 gold pieces.

Inventory:

Hand Weapons
 a - a +1 short sword
 h - a +0 dagger of protection
 k - a +7 scimitar (weapon)
 n - a +0 spear
 r - a +0 short sword of venom
Missiles
 i - 4 curare-tipped darts
 m - 85 stones
 v - 9 poisoned darts (quivered)
Armour
 b - a +0 leather armour
 j - a +1 helmet (worn)
 q - a +0 ring mail (worn)
Jewellery
 p - a +6 ring of strength (left hand)
 u - a cursed ring of teleportation (right hand)
Wands
 c - a wand of flame (6)
 d - a wand of enslavement (15)
 e - a wand of random effects (12)
Scrolls
 o - a scroll of remove curse
Potions
 g - 2 potions of mutation
 t - a potion of stabbing
 w - a potion of magic {unknown}
 z - a potion of flight
Comestibles
 f - 9 rations


   Skills:
 * Level 2.4(2.3) Fighting
 + Level 4.2(4.1) Short Blades
 * Level 0.1(1.4) Long Blades
 * Level 2.0(1.8) Throwing
 * Level 1.4(1.3) Armour
 * Level 3.7(3.6) Dodging
 * Level 3.0(2.8) Stealth
 * Level 1.4(1.3) Spellcasting
 * Level 4.4(4.3) Evocations


You had 7 spell levels left.
You didn't know any spells.
Your spell library was empty.

Dungeon Overview and Level Annotations

Branches:
Dungeon (7/15)
 Temple: D:4-7

Altars:
Ashenzari
Cheibriados
Kikubaaqudgha
Wu Jian
Yredelemnul
The Shining One

Shops:
D:6 *

Annotations:
D:3 exclusion: downstairs
D:4 exclusion: 2 downstairs
D:5 Menkaure


Innate Abilities, Weirdness & Mutations

You are small and have problems with some larger weapons.
You are carnivorous and can eat meat at any time.


Message History

The gnoll is severely wounded.
The gnoll misses you.
You hit the gnoll.
You kill the gnoll!
Your base Throwing skill increases to level 2!
Your base Stealth skill increases to level 3!
The gnoll hits you but does no damage.
You closely miss the gnoll. The gnoll closely misses you.
You closely miss the gnoll.
You hear the brisk hiss of a distant avalanche of sand.
The gnoll hits you with a +0 flail.
* * * LOW HITPOINT WARNING * * *
You feel better.
The gnoll shaman hits you but does no damage.
You open the door.
A gnoll comes into view. It is wielding a +0 club.
As you read the scroll of teleportation, it crumbles to dust.
You feel strangely unstable. The gnoll shaman completely misses you.
The gnoll hits you with a +0 flail!
You die...

. . .# .. #
######.###.. #
#....#.......... .
#..g@g........... .
##gg##..##..# .... #
##..##..##..##....###
#..)..g......#...F...
##..g........8 ∩.<.8.
##+##..##..# .###.
##..##..# ##.
#.......# #..
#.......# +..


You could see a gnoll shaman and 3 gnolls.

Vanquished Creatures
  A wight (D:6)
  A crimson imp (D:6)
  A hound (D:4)
  An iguana (D:6)
  A worker ant (D:2)
  Robin (D:2)
  4 gnolls
  5 adders
  A shadow imp (D:5)
  2 worms
  2 dart slugs (D:1)
  3 leopard geckos
  An orc (D:3)
  3 ball pythons
  8 bats
  4 giant cockroaches
  16 goblins
  8 hobgoblins
  2 jackals (D:2)
  2 quokkas
  7 frilled lizards
  5 kobolds
  5 rats
84 creatures vanquished.

Notes
Turn   | Place    | Note
-------+----------+-------------------------------------------
     0 | D:1      | Acheron the Kobold Artificer began the quest for the Orb.
     0 | D:1      | Reached XP level 1. HP: 12/12 MP: 3/3
   382 | D:1      | Reached XP level 2. HP: 16/16 MP: 4/4
   684 | D:1      | Reached XP level 3. HP: 18/20 MP: 5/5
   925 | D:2      | Noticed Robin
   944 | D:2      | Killed Robin
  1263 | D:2      | Reached XP level 4. HP: 26/26 MP: 6/6
  1583 | D:1      | Reached skill level 1 in Throwing
  2061 | D:2      | Found a shattered altar of Ashenzari.
  2238 | D:2      | Found a basalt altar of Yredelemnul.
  2258 | D:2      | You fall into a shaft and drop 2 floors!
  2600 | D:2      | Reached XP level 5. HP: 23/30 MP: 8/8
  2740 | D:2      | Found an ancient bone altar of Kikubaaqudgha.
  2795 | D:2      | Reached skill level 1 in Spellcasting
  2996 | D:3      | Found an ornate altar of the Wu Jian Council.
  3176 | D:3      | You fall into a shaft and drop 2 floors!
  3176 | D:5      | Entered Level 5 of the Dungeon
  3216 | D:4      | Found a snail-covered altar of Cheibriados.
  3966 | D:4      | Reached skill level 1 in Armour
  3966 | D:4      | Reached XP level 6. HP: 34/35 MP: 9/9
  4148 | D:4      | Found a glowing golden altar of the Shining One.
  4499 | D:5      | Noticed Menkaure
  4524 | D:6      | HP: 2/52 [wight/+5 scimitar (4)]
  4925 | D:6      | Found Dounerr's Assorted Antiques.
  4969 | D:6      | Slain by a gnoll

Illustrated notes

Levels and vault maps discovered:
D:1:      beargit_arrival_greenhouse, layout_basic
D:2:      layout_basic, lemuel_coloured_pillars_altar, lemuel_round_altar,
          ashenzari_altar_1, uniq_robin
D:3:      layout_rooms, overflow_temple_1_default, palyth_stone_intersect
D:4:      layout_loops_ring, overflow_temple_1_default, old_standard_altar,
          first_ration
D:5:      layout_loops_ring, zin_purify, ebering_dispersal_statue_hall,
          kennysheep_another_room, nemelex_lonely_heart_becter, uniq_menkaure,
          uniq_pikel
D:6:      layout_gridville, serial_shops, shop_statue,
          nicolae_ossuary_entry_monument
D:7:      layout_basic, nicolae_overflow_hidden_temple, marbit_many_paths,
          minmay_temple_entry_crystal_x, uniq_joseph

Skill      XL: |  1  2  3  4  5  6 |
---------------+-------------------+-----
Short Blades   | 2 3 4 |  4.2
Dodging        | 3 |  3.7
Stealth        | 2 3 |  3.0
Throwing       | 1 2 |  2.0
Evocations     | 4 |  4.4
Fighting       | 2 |  2.4
Spellcasting   | 1 |  1.4
Armour         | 1 |  1.4
Long Blades    | |  0.1

Action                   |  1- 3 |  4- 6 || total
-------------------------+-------+-------++-------
Melee: Short sword       |   120 |   189 ||   309
       Scimitar          |       |     7 ||     7
Throw: Dart              |       |    15 ||    15
Evoke: Wand              |     4 |     8 ||    12
  Use: Scroll            |     4 |    14 ||    18
       Potion            |       |     5 ||     5
 Stab: Sleeping          |     2 |     3 ||     5
  Eat: Chunk             |     9 |    11 ||    20
Armor: Leather armour    |    24 |    13 ||    37
       Ring mail         |       |    33 ||    33
Dodge: Dodged            |    98 |   151 ||   249
